 Dungeon Crawl Stone Soup version 0.31-a0-188-g5e087ee2ca (webtiles) character file.

Game seed: 3935232933639658170

200 qw the Skirmisher (level 5, -1/29 HPs)
             Began as a Deep Elf Hunter on June 23, 2023.
             Slain by a gnoll
             ... wielding a +0 halberd
              (10 damage)
             ... on level 4 of the Dungeon.
             The game lasted 00:01:06 (2632 turns).

qw the Skirmisher (Deep Elf Hunter)                 Turns: 2632, Time: 00:01:06

Health: -1/29      AC:  5    Str: 10    XL:     5   Next: 49%
Magic:  7/7        EV: 13    Int: 14    God:
Gold:   167        SH:  0    Dex: 24    Spells: 4/4 levels left

rFire   . . .        Y - +0 shortbow
rCold   . . .        (shield currently unavailable)
rNeg    . . .        c - +0 leather armour
rPois   .            f - +2 hat
rElec   .            (no cloak)
rCorr   +            (no gloves)
SInv    .            (no boots)
Will    .....        (no amulet)
Stlth   ++           d - +6 ring of dexterity
HPRegen 0.24/turn    i - ring of resist corrosion
MPRegen 0.10/turn

%: no passive effects
@: no status effects
A: no striking features
a: no special abilities


You were on level 4 of the Dungeon.
You visited 1 branch of the dungeon, and saw 4 of its levels.

You collected 167 gold pieces.


   Skills:
 - Level 1.5 Fighting
 + Level 8.8 Ranged Weapons
 - Level 3.0 Dodging
 - Level 1.2 Stealth


You had 4 spell levels left.
You didn't know any spells.
Your spell library was empty.

Inventory:

Hand Weapons
 Y - a +0 shortbow (weapon)
Armour
 c - a +0 leather armour (worn)
 f - a +2 hat (worn)
 g - a +0 ring mail
Jewellery
 d - a +6 ring of dexterity (left hand)
 i - a ring of resist corrosion (right hand)
Scrolls
 a - a scroll of vulnerability {unknown}
 h - a scroll of enchant weapon {unknown}
 k - a scroll of identify
Potions
 b - a potion of ambrosia {unknown}
 e - 2 potions of curing

Dungeon Overview and Level Annotations

Branches:
Dungeon (4/15)
 Temple: D:4-7

Altars:
Makhleb
Zin

Shops:
D:3 *


Message History

2 gnolls come into view.
The gnoll shouts!
You hear a shout!
A gnoll comes into view. It is wielding a +0 flail.
The gnoll shouts!
2617 ||| Stepping ~*~*~tactically~*~*~ (outnumbered).
A gnoll comes into view. It is wielding a +0 spear.
The gnoll shouts!
2619 ||| Stepping ~*~*~tactically~*~*~ (outnumbered).
You shoot an arrow. The arrow hits the gnoll.
The gnoll is heavily wounded.
You shoot an arrow. The arrow hits the gnoll.
The gnoll is severely wounded.
You shoot an arrow. The arrow hits the gnoll.
The gnoll is heavily wounded.
The gnoll closely misses you.
You shoot an arrow. The arrow barely misses the gnoll.
The arrow hits the gnoll!
You kill the gnoll!
The gnoll misses you.
You shoot an arrow. The arrow hits the gnoll!
You kill the gnoll!
You shoot an arrow. The arrow closely misses the gnoll.
The gnoll closely misses you.
You shoot an arrow. The arrow hits the gnoll!
The gnoll is severely wounded.
The gnoll hits you from afar with a +0 halberd.
The gnoll hits you with a +0 flail!
You shoot an arrow. The arrow hits the gnoll!
You kill the gnoll!
The gnoll barely misses you.
You shoot an arrow. The arrow closely misses the gnoll.
The gnoll hits you from afar with a +0 halberd!
You shoot an arrow. The arrow barely misses the gnoll.
The gnoll closely misses you.
You shoot an arrow.
The arrow hits the gnoll but does no damage.
The gnoll closely misses you.
You shoot an arrow. The arrow hits the gnoll!
The gnoll is almost dead.
The gnoll hits you from afar with a +0 halberd!
You die...

###########
###..........
#...######### #...#
#.).#########
########.#........
.......).#.....###
####.##########.......#
.....g)@......>....#..#
####))####.###..##.#..##
#... #.# #..##.#..#.
.... #.# #..##.#..#. ...
#.###..##.####. ..
#.......#...... .
#####.######### #.# #)#


You could see a gnoll.

Vanquished Creatures
  An orc wizard (D:4)
  4 gnolls
  5 adders
  3 worms
  4 dart slugs
  2 orcs (D:4)
  6 bats
  8 endoplasms
  7 giant cockroaches
  6 goblins
  5 hobgoblins
  A jackal (D:2)
  10 kobolds
  A quokka (D:1)
  5 ball pythons
  A frilled lizard (D:1)
  8 rats
77 creatures vanquished.

Notes
Turn   | Place    | Note
-------+----------+-------------------------------------------
     0 | D:1      | qw the Deep Elf Hunter began the quest for the Orb.
     0 | D:1      | Reached XP level 1. HP: 12/12 MP: 3/3
     0 | D:1      | 0 ||| qw: Version: 0.3-a-9-g12657ce
     0 | D:1      | 0 ||| qw: Game counter: 4406
     0 | D:1      | 0 ||| qw: Always use a shield: true
     0 | D:1      | 0 ||| qw: God list: Okawaru
     0 | D:1      | 0 ||| qw: Allow faded altars: false
     0 | D:1      | 0 ||| qw: Do Orc after D:15 true
     0 | D:1      | 0 ||| qw: Do second Lair branch before Depths: true
     0 | D:1      | 0 ||| qw: Lair rune preference: random
     0 | D:1      | 0 ||| qw: Plans: Normal
     0 | D:1      | 0 ||| PLANNING D:1-11
   110 | D:1      | Reached XP level 2. HP: 16/16 MP: 4/4
   111 | D:1      | Reached skill level 6 in Ranged Weapons
   674 | D:1      | Reached XP level 3. HP: 20/20 MP: 5/5
   717 | D:1      | 717 ||| UPGRADING to +0 helmet.
   722 | D:1      | 722 ||| UPGRADING to +6 ring of dexterity.
   723 | D:1      | 723 ||| READING scroll labelled ISUASO JECHA.
   724 | D:1      | 724 ||| READING scroll labelled VEIL VIUSKO.
   729 | D:1      | 729 ||| DROPPING scroll of butterflies.
  1373 | D:2      | Reached skill level 7 in Ranged Weapons
  1687 | D:2      | Reached skill level 3 in Dodging
  1713 | D:2      | Reached XP level 4. HP: 25/25 MP: 6/6
  1795 | D:2      | 1795 ||| UPGRADING to +2 hat.
  1805 | D:2      | 1805 ||| DROPPING +0 helmet.
  1806 | D:2      | 1806 ||| UPGRADING to ring of resist corrosion.
  1807 | D:2      | 1807 ||| READING scroll labelled EPHIVV RADERY.
  1808 | D:2      | 1808 ||| READING scroll labelled HIRUISM YCHETA.
  1809 | D:2      | 1809 ||| READING scroll labelled IVUTESAKES.
  1810 | D:2      | 1810 ||| DRINKING 2 bubbling silvery potions.
  1811 | D:2      | 1811 ||| READING 2 scrolls of identify.
  1811 | D:2      | 1811 ||| IDENTIFYING fizzy cyan potion
  1812 | D:2      | 1812 ||| DROPPING potion of brilliance.
  1863 | D:3      | Found Zin's Purification Station.
  1870 | D:3      | Found a glowing silver altar of Zin.
  1873 | D:3      | 1873 ||| SHOPLISTING 2 potions of curing (180 gold, have
                  | 134).
  1957 | D:3      | Found a burning altar of Makhleb.
  1957 | D:3      | Noticed a blizzard demon
  2143 | D:3      | Reached skill level 8 in Ranged Weapons
  2290 | D:3      | Reached XP level 5. HP: 29/29 MP: 7/7
  2376 | D:3      | 2376 ||| READING scroll labelled VOCROIKLE SIBY.
  2477 | D:3      | 2477 ||| READING 2 scrolls of identify.
  2477 | D:3      | 2477 ||| IDENTIFYING lumpy purple potion
  2478 | D:3      | 2478 ||| DROPPING potion of attraction.
  2564 | D:4      | 2564 ||| FLEEEEING.
  2565 | D:4      | 2565 ||| FLEEEEING.
  2566 | D:4      | 2566 ||| FLEEEEING.
  2567 | D:4      | 2567 ||| FLEEEEING.
  2568 | D:4      | 2568 ||| FLEEEEING.
  2569 | D:4      | 2569 ||| FLEEEEING.
  2570 | D:4      | 2570 ||| FLEEEEING.
  2571 | D:4      | 2571 ||| FLEEEEING.
  2583 | D:4      | 2583 ||| DRINKING 3 potions of curing.
  2583 | D:4      | 2583 ||| (to cure confusion)
  2617 | D:4      | 2617 ||| Stepping ~*~*~tactically~*~*~ (outnumbered).
  2619 | D:4      | 2619 ||| Stepping ~*~*~tactically~*~*~ (outnumbered).
  2632 | D:4      | Slain by a gnoll

Levels and vault maps discovered:
D:1:      erik_arrival_triangle_medium, layout_loops_ring,
          amcnicky_mini_rare_corridor_liquid
D:2:      minmay_chambers_of_twos, layout_basic
D:3:      layout_rooms, zin_purify, makhleb_altar_promises_db,
          minmay_quadrilaterals
D:4:      layout_basic, temple_doors_e, chequers_serial_rivers_marsh

Skill      XL: |  1  2  3  4 |
---------------+-------------+-----
Ranged Weapons | 6 7 8 |  8.8
Dodging        | 3 |  3.0
Fighting       | |  1.5
Stealth        | |  1.2

Action                     |  1- 3 |  4- 6 || total
---------------------------+-------+-------++-------
   Fire: Shortbow          |   120 |   108 ||   228
    Use: Scroll            |     2 |     6 ||     8
         Potion            |       |     2 ||     2
 Armour: Leather armour    |     4 |    25 ||    29
  Dodge: Dodged            |    20 |    52 ||    72

Table legend:
 A = Non-vault XP
 B = Vault XP
 C = Vault XP percentage of total XP
 D = Non-vault monster count
 E = Vault monster count
 F = Vault count percentage of total count
                 A         B        C        D         E       F
            +---------+---------+-------+---------+---------+-------
      Total |     221 |      66 |  23.0 |      63 |      14 |  18.2
            +---------+---------+-------+---------+---------+-------
        D:1 |      42 |       0 |   0.0 |      25 |       0 |   0.0
        D:2 |      40 |      40 |  50.0 |      16 |       8 |  33.3
        D:3 |      51 |      26 |  33.8 |      13 |       6 |  31.6
        D:4 |      88 |       0 |   0.0 |       9 |       0 |   0.0
            +---------+---------+-------+---------+---------+-------
